[Event "January 9 Early 2024"]
[Site "https://www.chess.com"]
[Date "2024.01.11"]
[Round "11"]
[White "Lysyj, Igor"]
[Black "Lu, Shanglei"]
[Result "1/2-1/2"]
[Board "195"]
[TimeControl "180+1"]
[WhiteFideId "4150120"]
[BlackFideId "8603332"]
[WhiteElo "2872"]
[BlackElo "3004"]
[WhiteTeam "FID"]
[BlackTeam "CHN"]
[WhiteClock "0:00:07"]
[BlackClock "0:00:09"]

1. d4 Nf6 2. c4 e6 3. Nf3 d5 4. g3 dxc4 5. Bg2 c5 6. O-O Nc6 7. dxc5 Qxd1 8. Rxd1 Bxc5 9. Nbd2 c3 10. bxc3 O-O 11. Nb3 Be7 12. Nfd4 Nxd4 13. cxd4 Nd5 14. Na5 Bb4 15. Nc4 Bd7 16. Bd2 Nc3 17. Bxc3 Bxc3 18. Rac1 Bb4 19. Bxb7 Rab8 20. Bf3 Rfd8 21. Ne5 Ba4 22. Nc6 Bxd1 23. Rxd1 Kf8 24. Nxb8 Rxb8 25. Rc1 Bd6 26. e3 Rb2 27. Rc6 Ke7 28. Ra6 Bb8 29. d5 exd5 30. Bxd5 Rb6 31. Ra4 h6 32. Re4+ Kf8 33. Bb3 Rd6 34. Kg2 Bc7 35. Rc4 Bb6 36. Rc2 Ke7 37. h4 Ba5 38. Rc5 Bb6 39. Rf5 Rf6 40. Re5+ Kf8 41. g4 Rd6 42. Rf5 Rf6 43. Rd5 Ke7 44. g5 hxg5 45. hxg5 Rc6 46. Re5+ Kf8 47. Rf5 f6 48. g6 Rc5 49. Bd5 Ke7 50. Kg3 Bc7+ 51. Kg4 Be5 52. Bb3 Bd6 53. Bd5 Be5 54. e4 Rc1 55. f4 Rg1+ 56. Kf3 Rf1+ 57. Ke3 Bb2 58. Ke2 Rg1 59. Bf7 Bc1 60. Ra5 Bxf4 61. Rxa7+ Kd6 62. Ra6+ Ke5 63. Ra4 Rc1 64. Kf3 Bh6 65. Ra5+ Kd6 66. Rd5+ Kc6 67. a4 Rc3+ 68. Kf2 Rc5 69. Rd3 Rc2+ 70. Kf1 Kb6 71. Rh3 Rc1+ 72. Ke2 Rc2+ 73. Kd1 Rc1+ 74. Ke2 Rc2+ 75. Kd3 Rd2+ 76. Kc3 Bf4 77. Rh7 Rd8 78. Rxg7 f5 79. Rh7 fxe4 80. g7 Be5+ 81. Kb3 Rd3+ 82. Kc2 Bxg7 83. Rxg7 Rd7 84. Rg6+ Ka5 85. Bb3 Kb4 86. Rb6+ Ka3 87. Rb5 e3 88. Re5 Rc7+ 89. Kd3 Kxb3 90. Rxe3 Rc3+ 91. Kd4 Rxe3 92. Kxe3 Kxa4 1/2-1/2

[Event "January 9 Early 2024"]
[Site "https://www.chess.com"]
[Date "2024.01.11"]
[Round "11"]
[White "Bjerre, Jonas Buhl"]
[Black "Materia, Marco"]
[Result "1-0"]
[Board "196"]
[TimeControl "180+1"]
[WhiteFideId "1444948"]
[BlackFideId "45150451"]
[WhiteElo "2975"]
[BlackElo "2825"]
[WhiteTeam "DEN"]
[BlackTeam "FRA"]
[WhiteClock "0:00:08"]
[BlackClock "0:00:05"]

1. d4 Nf6 2. Nf3 e6 3. g3 Be7 4. Bg2 O-O 5. c4 d5 6. Qc2 b6 7. O-O Bb7 8. Bf4 Nbd7 9. Rc1 c5 10. dxc5 bxc5 11. cxd5 exd5 12. Ne5 Qb6 13. Nxd7 Nxd7 14. Nc3 Qe6 15. Rd1 Nb6 16. Bc7 Bf6 17. Bxb6 Qxb6 18. Bxd5 Rab8 19. Rab1 Qa5 20. Bxb7 Rxb7 21. Nd5 Qxa2 22. Nxf6+ gxf6 23. Qc3 Qe6 24. e3 Rb5 25. Rd2 Rfb8 26. Rbd1 Kg7 27. h4 Qe5 28. Qc4 Rb4 29. Qe2 Qe4 30. Rc1 c4 31. Rcd1 f5 32. Rd4 Rxb2 33. Qxc4 Qf3 34. Rf1 Rb1 35. Rf4 Rxf1+ 36. Qxf1 Qd5 37. Kh2 Rb2 38. Qa1 Qe5 39. Kg1 Kf6 40. Qa6+ Rb6 41. Qxa7 Rb1+ 42. Kh2 Kg7 43. g4 fxg4 44. Qxf7+ Kh6 45. Kg2 Rb6 46. Rxg4 Re6 47. Qf4+ Qxf4 48. Rxf4 Rg6+ 49. Kf3 Kh5 50. e4 Re6 51. Ke3 h6 52. f3 Re8 53. Kd4 Rd8+ 54. Ke5 Re8+ 55. Kd6 Rd8+ 56. Ke7 Rd4 57. Ke6 Rd3 58. e5 Rd8 59. Ke7 Ra8 60. e6 Kg6 61. Kd6 Ra6+ 62. Ke5 Ra5+ 63. Ke4 Ra6 64. Kd5 Ra5+ 65. Kc6 Ra6+ 66. Kd7 Ra7+ 67. Kd6 Ra6+ 68. Kd5 Ra5+ 69. Kd4 Ra4+ 70. Ke3 Ra6 71. Re4 Ra8 72. e7 Re8 73. Kf4 Kf6 74. Kg4 Kg6 75. Re6+ Kf7 76. Kf5 h5 77. Re3 Kg7 78. Kg5 Kf7 79. Kxh5 Rh8+ 80. Kg4 Ke8 81. f4 Rg8+ 82. Kf3 Rh8 83. Kg3 Rg8+ 84. Kh3 Rg7 85. h5 Rg1 86. Kh4 Rg2 87. f5 Rg1 88. h6 Rg2 89. Kh5 Rh2+ 90. Kg6 Rg2+ 91. Kf6 Rh2 92. Kg7 Rg2+ 93. Kh8 Rf2 94. Re5 Rg2 95. h7 Rg5 96. Re6 Rxf5 97. Kg7 Rf7+ 98. Kg6 1-0

[Event "January 9 Early 2024"]
[Site "https://www.chess.com"]
[Date "2024.01.11"]
[Round "11"]
[White "Shimanov, Aleksandr"]
[Black "Makarian, Rudik"]
[Result "1-0"]
[Board "197"]
[TimeControl "180+1"]
[WhiteFideId "4198603"]
[BlackFideId "44105681"]
[WhiteElo "3013"]
[BlackElo "3084"]
[WhiteTeam "RUS"]
[BlackTeam "FID"]
[WhiteClock "0:00:06"]
[BlackClock "0:00:06"]

1. c3 d5 2. Nf3 Nf6 3. d4 Bf5 4. Qb3 Qc8 5. Bf4 e6 6. c4 c6 7. e3 Nbd7 8. Nc3 Nb6 9. Nd2 Be7 10. Be2 O-O 11. O-O h6 12. h3 Re8 13. Rac1 Bh7 14. Rfd1 dxc4 15. Nxc4 Nxc4 16. Bxc4 Ne4 17. Nxe4 Bxe4 18. Bf1 a5 19. a3 Qd7 20. f3 Bd5 21. Qc3 a4 22. Rd2 Rac8 23. e4 Bb3 24. Bc4 Bxc4 25. Qxc4 b5 26. Qe2 Red8 27. Rcd1 Qb7 28. Be3 Rd7 29. Rc2 Bf6 30. g4 Rcd8 31. Rcd2 e5 32. Qf2 exd4 33. Bxd4 Be7 34. Bc3 c5 35. Qe2 b4 36. Be5 Rxd2 37. Rxd2 Rxd2 38. Qxd2 bxa3 39. bxa3 c4 40. Qd4 Qc6 41. Qc3 f6 42. Bd4 Qb5 43. Kg2 Kh7 44. e5 Qb3 45. Qe1 Qc2+ 46. Kg3 f5 47. e6 fxg4 48. hxg4 Qg6 49. Qe3 h5 50. Bb2 h4+ 51. Kh3 Qb1 52. Qe4+ Qxe4 53. fxe4 g5 54. Kg2 Kg6 55. Kf3 Bf6 56. Bc1 Kg7 57. e5 Be7 58. Ke4 Kg6 59. Kf3 Bc5 60. Ke4 Be7 61. Kf3 c3 62. Ke4 c2 63. Kf3 Bc5 64. Ke4 Bf8 65. Kf3 Be7 66. Ke4 Bd8 67. Kf3 Bb6 68. Ke4 Bf2 69. Kd5 h3 70. Kd6 h2 71. e7 h1=Q 72. e8=Q+ Kg7 73. Qe7+ Kh8 74. Qf6+ Kh7 75. Qf5+ Kh8 76. Qf8+ Kh7 77. Qf7+ Kh8 78. Qe8+ Kg7 79. Qe7+ Kh8 80. Qxg5 Qd1+ 81. Ke7 Bc5+ 82. Ke6 Qd3 83. Qh6+ Kg8 84. Qg5+ Kf8 85. Qf5+ Qxf5+ 86. gxf5 Ke8 87. f6 Kf8 88. Kf5 Ke8 89. e6 Kf8 90. Ke5 Ke8 91. f7+ Kf8 92. Bh6+ Ke7 93. f8=Q# 1-0

[Event "January 9 Early 2024"]
[Site "https://www.chess.com"]
[Date "2024.01.11"]
[Round "11"]
[White "Drozdowski, Kacper"]
[Black "Cristobal, Manuel"]
[Result "0-1"]
[Board "198"]
[TimeControl "180+1"]
[WhiteFideId "1136720"]
[BlackFideId "112879"]
[WhiteElo "2946"]
[BlackElo "2726"]
[WhiteTeam "POL"]
[BlackTeam "ARG"]
[WhiteClock "0:00:17"]
[BlackClock "0:00:15"]

1. e4 Nc6 2. Nf3 d5 3. exd5 Qxd5 4. Nc3 Qh5 5. Be2 Bg4 6. h3 Nf6 7. d3 O-O-O 8. Be3 e5 9. Ng5 Bxe2 10. Qxe2 Qg6 11. Nce4 Nd5 12. g4 h5 13. O-O-O Nxe3 14. fxe3 Be7 15. Nf3 hxg4 16. hxg4 Rxh1 17. Rxh1 Qxg4 18. a3 Qe6 19. Kb1 f5 20. Nc3 e4 21. dxe4 fxe4 22. Nd2 Ne5 23. Ncxe4 Qc6 24. Rg1 g6 25. Qg2 Qb6 26. Nb3 Qxe3 27. Ned2 g5 28. Nc4 Nxc4 29. Qg4+ Kb8 30. Ka2 Nd6 31. Rd1 Qf4 32. Qg2 g4 33. Rd4 Qf3 34. Rxg4 Qxg2 35. Rxg2 Nc4 36. Re2 Bd6 37. Re4 Nb6 38. Na5 Nd7 39. Re2 Kc8 40. Nc4 Nc5 41. b4 Nd7 42. Kb3 Nb6 43. Nb2 Bf8 44. Nd3 Bg7 45. a4 Nd5 46. a5 Nc3 47. Re7 Bf6 48. Rf7 Ne4 49. Rh7 Nd2+ 50. Ka4 Nc4 51. Rf7 Nb2+ 52. Kb3 Nxd3 53. Rxf6 Ne5 54. Re6 Nc6 55. c3 Rd6 56. Re8+ Kd7 57. Rh8 Ne7 58. Rb8 b6 59. axb6 axb6 60. Rh8 Kc6 61. Rh3 Ng6 62. Rf3 Ne5 63. Re3 Nd3 64. Kc2 Nf4 65. Rf3 Nd5 66. Kb3 b5 67. Kc2 Nb6 68. Rf5 Nc4 69. Rc5+ Kb6 70. Rh5 Rd2+ 71. Kc1 Rg2 72. Kb1 c6 73. Kc1 Kc7 74. Rh7+ Kd6 75. Rh5 Ne5 76. Kb1 Kd5 77. Rh4 Re2 78. Rd4+ Ke6 79. Rd8 Nc4 80. Kc1 Re1+ 81. Kc2 Re5 82. Re8+ Kd5 83. Rd8+ Ke4 84. Rd4+ Ke3 85. Rd8 Rd5 86. Re8+ Kf4 87. Re6 Rd2+ 88. Kc1 Rd6 89. Re8 Ne5 90. Kc2 Ke4 91. Rh8 Kd5 92. Rh4 Rg6 93. Rd4+ Ke6 94. Rd8 Nc4 95. Rd4 Rg2+ 96. Kc1 Re2 97. Rd8 Nd6 98. Rh8 Kd5 99. Rd8 Re6 100. Kd2 Kc4 101. Rh8 Ne4+ 102. Kc2 Nxc3 103. Rh4+ Re4 104. Rh3 Nd5 105. Kd2 Nxb4 106. Rh6 Rd4+ 107. Kc1 c5 108. Rh3 Nd5 109. Kb2 b4 110. Kc2 b3+ 111. Kb2 Rd2+ 112. Kc1 Rc2+ 113. Kb1 Nc3+ 114. Ka1 Ra2# 0-1

[Event "January 9 Early 2024"]
[Site "https://www.chess.com"]
[Date "2024.01.11"]
[Round "11"]
[White "Yelisieiev, Yevhenii"]
[Black "Ghosh, Chanchal Kumer"]
[Result "1-0"]
[Board "199"]
[TimeControl "180+1"]
[WhiteFideId "14139642"]
[BlackFideId "10201858"]
[WhiteElo "2511"]
[BlackElo "2106"]
[WhiteTeam "GER"]
[BlackTeam "BAN"]
[WhiteClock "0:00:03"]
[BlackClock "0:00:01"]

1. d4 d5 2. Nf3 e6 3. c4 Nf6 4. Nc3 c6 5. Bg5 Be7 6. e3 O-O 7. Qc2 Nbd7 8. cxd5 exd5 9. Bd3 h6 10. Bh4 Re8 11. O-O Ne4 12. Bxe7 Qxe7 13. Bxe4 dxe4 14. Nd2 f5 15. Rfb1 Qg5 16. b4 Nf6 17. Nf1 Re6 18. b5 Ng4 19. bxc6 Rxc6 20. Qb3+ Kh8 21. d5 Rg6 22. Ng3 h5 23. Nce2 h4 24. Nf4 hxg3 25. Nxg6+ Qxg6 26. hxg3 Qh5 27. Qa4 b6 28. d6 Be6 29. d7 Rd8 30. Rd1 Qh2+ 31. Kf1 Qh1+ 32. Ke2 Qxg2 33. Rh1+ Kg8 34. Raf1 Rxd7 35. Ke1 Qf3 36. Qc2 Rd3 37. Qe2 Qxe2+ 38. Kxe2 Bc4 39. Rc1 Rc3+ 40. Kd2 Rd3+ 41. Ke1 Bxa2 42. Rc8+ Kf7 43. Rc7+ Kf6 44. Rxa7 Bb3 45. Ra1 Ne5 46. Kf1 Bd5 47. Rb1 Nc4 48. Kg2 Rd2 49. Kg1 Bc6 50. Rh8 b5 51. Rc8 Bd5 52. Rxb5 Be6 53. Rc6 Rd1+ 54. Kg2 Ne5 55. g4 Nxc6 56. gxf5 Bxf5 57. Rb6 Rc1 58. f3 exf3+ 59. Kxf3 Be6 60. e4 Ke5 61. Rb5+ Kd6 62. Rg5 Rf1+ 63. Ke2 Rf7 64. Ke3 Ne5 65. Rg1 Nc4+ 66. Kd4 Rf2 67. Rxg7 Rd2+ 68. Kc3 Ke5 69. Rg5+ Kf6 70. Rc5 Re2 71. Kd3 Re3+ 72. Kd4 Re1 73. Rc6 Ne5 74. Ra6 Rd1+ 75. Ke3 Re1+ 76. Kf4 Rf1+ 77. Ke3 Rf3+ 78. Kd4 Rd3+ 79. Kc5 Rd1 80. Kb4 Nd7 81. Kc3 Ke5 82. Kc2 Rd4 83. Ra5+ Kxe4 84. Kc3 Rd5 85. Ra4+ Ke5 86. Ra1 Kd6 87. Re1 Nc5 88. Ra1 Ne4+ 89. Kc2 Rd2+ 90. Kc1 Rh2 91. Ra6+ Ke5 92. Ra5+ Kd4 93. Ra4+ Bc4 94. Ra8 Rh1+ 95. Kb2 Rh2+ 96. Kc1 Kc3 97. Kd1 1-0

[Event "January 9 Early 2024"]
[Site "https://www.chess.com"]
[Date "2024.01.11"]
[Round "11"]
[White "Sethuraman, S.P."]
[Black "Chu, Wei Chao"]
[Result "0-1"]
[Board "200"]
[TimeControl "180+1"]
[WhiteFideId "5021596"]
[BlackFideId "8605661"]
[WhiteElo "2873"]
[BlackElo "2654"]
[WhiteTeam "IND"]
[BlackTeam "CHN"]
[WhiteClock "0:00:07"]
[BlackClock "0:00:03"]

1. e4 e5 2. Nf3 Nc6 3. Bc4 Bc5 4. d3 Nf6 5. c3 d6 6. Bg5 a6 7. a4 h6 8. Bh4 g5 9. Bg3 Ba7 10. Nbd2 O-O 11. h4 g4 12. Nh2 Kg7 13. Qe2 Ne7 14. Nhf1 Nh5 15. Ne3 Bxe3 16. Qxe3 f5 17. Bh2 f4 18. Qe2 Ng6 19. g3 f3 20. Qd1 Nf6 21. Qc2 h5 22. Nf1 d5 23. Bb3 d4 24. Nd2 c6 25. a5 Re8 26. Nc4 Be6 27. Kd2 Rc8 28. Rhe1 Rc7 29. Ra4 Nd7 30. Nd6 Bxb3 31. Qxb3 Nc5 32. Nxe8+ Qxe8 33. Qb6 Qe7 34. Rc4 Ne6 35. Kc2 Rd7 36. Rd1 Qd6 37. Bg1 Ne7 38. Qb4 c5 39. Qb3 Nc6 40. Qa3 Na7 41. Qb3 Nb5 42. Ra4 Nd8 43. c4 Na7 44. Kb1 Nac6 45. Qa3 Nb4 46. Rd2 Ndc6 47. Qb3 Qc7 48. Qa3 Qd6 49. Qb3 Qh6 50. Qd1 Re7 51. Ka1 Re8 52. Kb1 Rb8 53. Ka1 Kf7 54. Ra3 Qd6 55. Qa4 Qc7 56. Rd1 b5 57. axb6 Rxb6 58. Rd2 Qb7 59. Bh2 Ke6 60. Bg1 Kd6 61. Bh2 Qg7 62. Bg1 Qh6 63. Qd1 a5 64. Kb1 Qf8 65. Ka1 Qb8 66. Qa4 Na6 67. Qd1 Rb4 68. Bh2 Qb7 69. Bg1 Nc7 70. Bh2 Na8 71. Bg1 Nb6 72. Rc2 a4 73. Qd2 Qg7 74. Ka2 Na5 75. Qe1 Nb3 76. Kb1 Qh6 77. Ka2 Qg7 78. Kb1 Nc8 79. Ka2 Na7 80. Kb1 Nc6 81. Qd1 Qh6 82. Qe1 Qh7 83. Qd1 Qb7 84. Qe1 Nca5 85. Qd1 Qa6 86. Qe1 Qb6 87. Qd1 Nb7 88. Qe1 Nd8 89. Qd1 Nc6 90. Qe1 Qa7 91. Qd1 Rb8 92. Rd2 Nxd2+ 93. Qxd2 Qg7 94. Rxa4 Rb6 95. Ra8 Nb4 96. Ra4 Kc6 97. Ra3 Kb7 98. Ra4 Ra6 99. Rxa6 Kxa6 100. Qd1 Qd7 101. Qd2 Ka5 102. Qd1 Qa4 0-1

[Event "January 9 Early 2024"]
[Site "https://www.chess.com"]
[Date "2024.01.11"]
[Round "11"]
[White "Bryakin, Mikhail"]
[Black "Kleiman, Jake"]
[Result "1/2-1/2"]
[Board "201"]
[TimeControl "180+1"]
[WhiteFideId "4165314"]
[BlackFideId "2020041"]
[WhiteElo "2842"]
[BlackElo "2665"]
[WhiteTeam "SRB"]
[BlackTeam "USA"]
[WhiteClock "0:00:04"]
[BlackClock "0:00:15"]

1. g3 d5 2. Bg2 e6 3. c4 Nf6 4. b3 dxc4 5. bxc4 Qd4 6. Qa4+ Nbd7 7. Nc3 Bc5 8. e3 Qd3 9. Bf1 Qf5 10. d4 Be7 11. Bg2 O-O 12. Nge2 e5 13. O-O Nb6 14. Qb3 Qh5 15. c5 Nbd7 16. Ba3 c6 17. Rae1 Re8 18. h3 Bf8 19. g4 Qh4 20. Ng3 Nb8 21. Nce4 Nxe4 22. Nxe4 Na6 23. f4 exd4 24. exd4 Nc7 25. f5 Rb8 26. Bc1 Qd8 27. Bf4 Ra8 28. Nd6 Bxd6 29. Bxd6 Nb5 30. f6 Be6 31. Qe3 gxf6 32. Qh6 Nxd6 33. cxd6 Qxd6 34. Be4 Qg3+ 35. Kh1 f5 36. gxf5 Bxf5 37. Rg1 Bxe4+ 38. Rxe4 Qxg1+ 39. Kxg1 Rxe4 40. Qg5+ Kh8 41. Qf6+ Kg8 42. Qg5+ Kh8 43. Qf5 Re6 44. Qxf7 Rg6+ 45. Kf2 Rg7 46. Qf6 Kg8 47. Qe6+ Rf7+ 48. Ke3 Rd8 49. h4 Kf8 50. Qh6+ Ke8 51. h5 Rd5 52. Kd3 Rfd7 53. Qe6+ Kd8 54. Qg8+ Kc7 55. Qg3+ Kb6 56. h6 Rxd4+ 57. Kc2 Rc4+ 58. Kb2 Rd5 59. Qg7 Rb5+ 60. Ka3 Rc3+ 61. Ka4 a5 62. Qxc3 Rb4+ 63. Ka3 c5 64. Qf6+ Ka7 65. Qg7 Ka6 66. Qxh7 c4 67. Qg6+ b6 68. Qf5 c3 69. Qf1+ Kb7 70. Qc1 Rc4 71. h7 Rh4 72. Qxc3 Rxh7 73. Qd3 Rc7 74. Qd5+ Ka7 75. Qd6 Rc5 76. Qd7+ Ka6 77. Qd3+ Kb7 78. Qd8 Ka6 79. Qd7 Rc3+ 80. Kb2 Rc5 81. Kb3 Rb5+ 82. Kc4 Rc5+ 83. Kd4 a4 84. Qxa4+ Ra5 85. Qb3 Rc5 86. Qg8 Ra5 87. Qa8+ Kb5 88. Qe8+ Ka6 89. Kc4 Ka7 90. Kb4 Rc5 91. Qd7+ Kb8 92. Qd8+ Kb7 93. Qe7+ Kb8 94. Qd8+ Kb7 95. Qd4 Kb8 96. Qf6 Kb7 97. Qd6 Ka7 98. a4 Kb7 99. Qe6 Ka7 100. Qd7+ Kb8 101. Qd6+ Kb7 102. Qh2 Ka7 103. Qg1 Kb7 104. Qg7+ Kb8 105. Qd7 Ka8 106. Kb3 Kb8 107. Qd8+ Kb7 108. Qd3 Kb8 109. Qd2 Kb7 110. Qb4 Ka7 111. Qh4 Kb7 112. Qh8 Ka7 113. Ka3 Kb7 114. Qe8 Ka7 115. Qd7+ Kb8 116. Qd6+ Kb7 117. Kb2 Ka7 118. Qd1 Kb7 119. a5 Rxa5 120. Qd7+ Kb8 121. Qd8+ Kb7 122. Qd7+ Kb8 123. Qc6 Ka7 124. Qc7+ Ka8 125. Qxb6 Ra2+ 126. Kb3 Rb2+ 127. Kxb2 1/2-1/2

[Event "January 9 Early 2024"]
[Site "https://www.chess.com"]
[Date "2024.01.11"]
[Round "11"]
[White "Kolmagorov, Alexey"]
[Black "Panda Sambit"]
[Result "1/2-1/2"]
[Board "202"]
[TimeControl "180+1"]
[WhiteFideId "34129402"]
[BlackFideId "25091794"]
[WhiteElo "2407"]
[BlackElo "2575"]
[WhiteTeam "RUS"]
[BlackTeam "IND"]
[WhiteClock "0:00:09"]
[BlackClock "0:00:24"]

1. d4 d5 2. c4 e6 3. g3 dxc4 4. Bg2 c5 5. Nf3 Nc6 6. Qa4 cxd4 7. Nxd4 Qxd4 8. Bxc6+ Bd7 9. Bxd7+ Qxd7 10. Qxc4 Rc8 11. Qf4 Bb4+ 12. Nd2 Bd6 13. Qg5 f6 14. Qh5+ g6 15. Qf3 f5 16. O-O Nf6 17. b3 Be5 18. Rb1 b5 19. Rd1 Qe7 20. Bb2 Bxb2 21. Rxb2 O-O 22. Nf1 e5 23. Rbd2 e4 24. Qf4 Rc6 25. Ne3 Nh5 26. Qh6 Qg7 27. Qg5 Qf6 28. Qh6 Qg7 29. Qxg7+ Kxg7 30. Rd7+ Rf7 31. Rxf7+ Kxf7 32. Rd7+ Ke6 33. Rxa7 f4 34. Ng4 f3 35. exf3 exf3 36. h4 Rc1+ 37. Kh2 Nf6 38. Ra6+ Kf5 39. Nxf6 Rf1 40. g4+ Kf4 41. Nd5+ Ke4 42. Nc3+ Kf4 43. Nd5+ Ke4 44. Nc3+ Kf4 45. Rf6+ Kxg4 46. Ne4 Re1 47. Nd2 Re2 48. Nxf3 Rxf2+ 49. Kg1 Rxa2 50. Ne5+ Kxh4 51. Rf7 Kg3 52. Rf1 Rg2+ 53. Kh1 Rh2+ 54. Kg1 Rb2 55. Rf3+ Kh4 56. Rf7 Kg3 57. Rf3+ Kh4 58. Rf7 Rxb3 59. Rxh7+ Kg3 60. Kf1 Rb1+ 61. Ke2 g5 62. Rg7 Kf4 63. Nd3+ Kf5 64. Rf7+ Kg6 65. Rf3 b4 66. Rf8 b3 67. Rb8 g4 68. Kf2 Rd1 69. Ne5+ Kf5 70. Nxg4 Kxg4 71. Rxb3 Rd2+ 72. Ke3 Rh2 73. Rb4+ Kg3 74. Rb3 Kg2 75. Kd4 Rh4+ 76. Kc5 Rh5+ 77. Kb4 Kf2 78. Rb2+ Ke3 79. Rb3+ Kd4 80. Ka3 Rh8 81. Rb4+ Kc3 82. Rb3+ Kc2 83. Rb2+ Kc3 84. Rb3+ Kc4 85. Rb4+ Kc5 86. Rb3 Ra8+ 87. Kb2 Rg8 88. Rc3+ Kb4 89. Rb3+ Kc4 90. Rc3+ Kd4 91. Rc2 Rb8+ 92. Kc1 Rf8 93. Kb2 Kd3 94. Rc3+ Kd2 95. Rc2+ Kd3 96. Rc3+ Kd4 97. Rc2 Rb8+ 98. Kc1 Kd3 99. Rd2+ Kc3 100. Rc2+ Kd3 101. Rd2+ Ke3 102. Rc2 Rb3 103. Rd2 Rc3+ 104. Kd1 Ra3 105. Re2+ Kd3 106. Rd2+ Kc3 107. Rc2+ Kd3 108. Rd2+ Ke3 109. Re2+ Kf3 110. Rc2 Re3 111. Kd2 Re2+ 112. Kc3 Re7 113. Rd2 Ke3 114. Rd3+ Ke4 115. Rd4+ Ke5 116. Rc4 Rg7 117. Rd4 Rg3+ 118. Rd3 Rg4 119. Re3+ Kd5 120. Rd3+ Kc5 121. Kd2 1/2-1/2